 Dungeon Crawl Stone Soup version 0.29-a0-1052-g6990b1bffc (webtiles) character file.

Game seed: 7118149714662328188

150 drugrobin the Sneak (level 4, 0/40 HPs)
             Began as a Demigod Delver on Aug 18, 2022.
             Slain by a gnoll bouda
             ... wielding a +0 club
              (5 damage)
             ... on level 5 of the Dungeon.
             The game lasted 00:08:47 (4561 turns).

drugrobin the Sneak (Demigod Delver)                Turns: 4561, Time: 00:08:47

Health: 0/40       AC:  7    Str: 13    XL:     4   Next: 84%
Magic:  15/15      EV: 11    Int: 16    God:
Gold:   125        SH:  0    Dex: 15    Spells: 0/3 levels left

rFire   . . .      SeeInvis .   a - +0 hand axe
rCold   . . .      Faith    .   (no shield)
rNeg    . . .      Spirit   .   b - +0 leather armour
rPois   .          Reflect  .   (no helmet)
rElec   .          Harm     .   (no cloak)
rCorr   .          Rampage  .   (no gloves)
Will    .....                   (no boots)
Stlth   +++.......              (no amulet)
HPRegen 0.13/turn               r - +4 ring of protection
MPRegen 0.14/turn               f - ring of magical power

@: no status effects
A: high MP 1, forlorn, divine attributes
a: no special abilities


You were on level 5 of the Dungeon.
You visited 1 branch of the dungeon, and saw 5 of its levels.

You collected 158 gold pieces.
You spent 33 gold pieces at shops.

Inventory:

Hand Weapons
 a - a +0 hand axe (weapon)
Armour
 b - a +0 leather armour (worn)
 h - a +0 kite shield
Jewellery
 f - a ring of magical power (right hand)
 m - a ring of see invisible
 r - a +4 ring of protection (left hand)
Wands
 g - a wand of digging (3)
 s - a wand of charming (3)
Scrolls
 c - a scroll of fog
 d - 2 scrolls of magic mapping
 e - a scroll of fear
 j - a scroll of butterflies
 l - a scroll of identify
 n - 2 scrolls of immolation
 t - a scroll of vulnerability {unknown}
Potions
 i - 3 potions of heal wounds {unknown}
 k - a potion of degeneration
 o - a potion of brilliance {unknown}
 p - 2 potions of attraction {unknown}
 q - 3 potions of curing {unknown}


   Skills:
 + Level 3.6 Fighting
 + Level 3.6 Axes
 - Level 1.7 Dodging
 - Level 4.5 Stealth
 + Level 1.7 Hexes


You couldn't memorise any spells.
You knew the following spells:

 Your Spells              Type           Power      Damage    Failure   Level
a - Slow                  Hex            20%        N/A       16%         1
b - Blink                 Tloc           0%         N/A       43%         2

Your spell library contained the following spells:

 Spells                   Type           Power      Damage    Failure   Level
 Confusing Touch          Hex            5%         N/A       43%         3
 Tukima's Dance           Hex            5%         N/A       43%         3
 Lesser Beckoning         Tloc           0%         N/A       67%         3
 Vampiric Draining        Necr           0%         2d6       67%         3
 Passage of Golubria      Tloc           0%         N/A       97%         4
 Yara's Violent Unravell  Hex/Tmut       1%         3d3       99%         5
 Manifold Assault         Tloc           0%         N/A       100%        5


Dungeon Overview and Level Annotations

Branches:
Dungeon (5/15)
 Temple: D:4-7

Shops:
D:2 *

Annotations:
D:4 Blork the orc


Innate Abilities, Weirdness & Mutations

You have an increased reservoir of magic. (+10% MP)
You shall have no god before yourself.
Your divine heritage dramatically boosts your attributes as you level up.


Message History

The gnoll bouda is severely wounded.
Your attacks no longer feel as feeble.
The gnoll bouda hits you but does no damage.
You hit the gnoll bouda but do no damage.
The gnoll bouda is severely wounded.
The gnoll bouda hits you with a +0 club!
You closely miss the gnoll bouda.
The gnoll bouda is severely wounded.
The gnoll bouda hits you with a +0 club.
You barely miss the gnoll bouda.
The gnoll bouda is severely wounded.
The gnoll bouda hits you with a +0 club.
The gnoll bouda prays to its god.
The gnoll bouda is healed somewhat.
You hit the gnoll bouda but do no damage.
The gnoll bouda is heavily wounded.
The gnoll bouda hits you with a +0 club.
You hit the gnoll bouda.
The gnoll bouda is severely wounded.
The gnoll bouda barely misses you.
You hit the gnoll bouda.
The gnoll bouda is almost dead.
The gnoll bouda barely misses you.
You barely miss the gnoll bouda.
The gnoll bouda is almost dead.
The gnoll bouda closely misses you.
You hit the gnoll bouda but do no damage.
The gnoll bouda is almost dead.
The gnoll is no longer moving quickly.
The gnoll bouda hits you with a +0 club.
You hit the gnoll bouda.
The gnoll bouda is almost dead.
The gnoll is no longer moving quickly.
The gnoll bouda hits you but does no damage.
You barely miss the gnoll bouda.
The gnoll bouda is almost dead.
The gnoll bouda hits you with a +0 club!
* * * LOW HITPOINT WARNING * * *
The gnoll bouda hits you with a +0 club.
You die...

#. .. #. #.# .## #.# .#... #..
..####.# .#..# ...( .......+ ....
#...# #.#.##.# #..# #...#
#g####.#.##.# #..# #.#.#
#ggg@..#.##.# #..#
#.#.########.#.##.# #..#
#######.#......###.#.##.######...
#......................†........#
#.#####........###.#.##.######.##
#.# #...########.#.##.# #.# #.#
##.<†.........#.##.# #.# #.#
#..........####.##.# #.# #.#
##..#####..####....######.#


You could see a gnoll bouda and 3 gnolls.

Vanquished Creatures
  A hound (D:4)
  An iguana (D:5)
  4 adders
  A worm (D:2)
  3 dart slugs
  3 orcs (D:3)
  3 endoplasms
  A giant cockroach (D:2)
  6 goblins
  6 hobgoblins
  3 kobolds
  A quokka (D:3)
  4 ball pythons
  2 bats (D:2)
  7 frilled lizards
  4 rats
50 creatures vanquished.

Vanquished Creatures (others)
  4 plants (D:5)
4 creatures vanquished.

Grand Total: 54 creatures vanquished

Notes
Turn   | Place    | Note
-------+----------+-------------------------------------------
     0 | D:5      | drugrobin the Demigod Delver began the quest for the Orb.
     0 | D:5      | Reached XP level 1. HP: 18/18 MP: 3/3
   115 | D:5      | Noticed a water moccasin
   141 | D:5      | Noticed an orc wizard
   154 | D:5      | Noticed a scorpion
   156 | D:5      | Noticed an ogre
   687 | D:1      | Reached XP level 2. HP: 25/25 MP: 4/4
  1972 | D:2      | Found Fanem's General Store.
  1976 | D:2      | Bought a potion of degeneration for 11 gold pieces
  1976 | D:2      | Bought a scroll of identify for 22 gold pieces
  2051 | D:2      | Reached XP level 3. HP: 22/31 MP: 5/5
  2085 | D:2      | Learned a level 1 spell: Slow
  3621 | D:4      | Reached skill level 1 in Hexes
  3717 | D:4      | Reached XP level 4. HP: 31/38 MP: 6/6
  3814 | D:4      | Learned a level 2 spell: Blink
  4031 | D:4      | Noticed Blork the orc
  4561 | D:5      | Slain by a gnoll bouda

Illustrated notes

Levels and vault maps discovered:
D:1:      heliophobic_arrival_glass_houses, layout_basic,
          shapermc_ecumenical_altar_mp_vishouse, chequers_serial_rivers_small_b
D:2:      layout_loops_ring, serial_shops, shop
D:3:      layout_rooms, riverfiend_overflow_shadow_ancestor,
          grunt_temple_overflow_open
D:4:      cheibrodos_helix_gallery, layout_gridville,
          nicolae_qazlal_scattered_showers, corexii_item_surrounded_by_moat,
          minmay_crystal_water, uniq_blork_the_orc
D:5:      layout_basic, mainiacjoe_overflow_small_starburst, chei_slow_surprise,
          mainiacjoe_overflow_big_doors, serial_bayou_pond_d,
          minmay_lizard_king, uniq_duvessa, uniq_menkaure, uniq_edmund

Skill      XL: |  1  2  3 |
---------------+----------+-----
Axes           | 2 3 |  3.6
Fighting       | 3 |  3.6
Hexes          | 1 |  1.7
Dodging        | |  1.7
Stealth        | |  4.5

Action                   |  1- 3 |  4- 6 || total
-------------------------+-------+-------++-------
Melee: Hand axe          |   170 |    66 ||   236
       Punch             |     1 |     1 ||     2
 Cast: Slow              |     4 |    17 ||    21
  Use: Potion            |     1 |       ||     1
       Scroll            |     2 |     1 ||     3
 Stab: Sleeping          |     8 |       ||     8
Armor: Leather armour    |    47 |    21 ||    68
Dodge: Dodged            |    89 |    31 ||   120

Table legend: (Time is in decaauts)
 A = Elapsed time spent in this place.
 B = Non-inter-level travel time spent in this place.
 C = Inter-level travel time spent in this place.
 D = Time resting spent in this place.
 E = Time spent auto-exploring this place.
 F = Levels seen in this place.
 G = Mean time per level.
                   A        B        C        D        E       F      G
               +--------+--------+--------+--------+--------+-----+--------+
         Total |   4576 |   4478 |     98 |    869 |   2502 |   5 |  915.2 |
       Dungeon |   4576 |   4478 |     98 |    869 |   2502 |   5 |  915.2 |
               +--------+--------+--------+--------+--------+-----+--------+

Top non-repeatable levels by time:
     D:1: 1545 daAuts
     D:2: 1237 daAuts
     D:5: 694 daAuts
     D:3: 564 daAuts
     D:4: 535 daAuts
